 Dungeon Crawl Stone Soup version 0.30-a0-4-ga7cffc901d (webtiles) character file.

Game seed: 4162202545109157935

156 Zeldest the Caller (level 5, -3/60 (61) HPs)
             Began as a Barachi Summoner on Aug 21, 2022.
             Slain by a gnoll
             ... wielding a +0 halberd
              (6 damage)
             ... on level 3 of the Dungeon.
             The game lasted 00:10:07 (2784 turns).

Zeldest the Caller (Barachi Summoner)               Turns: 2784, Time: 00:10:07

HP:   -3/60 (61)    AC:  3    Str: 10    XL:     5   Next: 38%
MP:   9/9           EV: 12    Int: 17    God:
Gold: 69            SH:  0    Dex: 12    Spells: 1/10 levels left

rFire   . . .      SeeInvis .    h - +0 spear
rCold   + . .      Faith    .    (no shield)
rNeg    . . .      Spirit   .    r - +0 robe
rPois   .          Reflect  .    (no helmet)
rElec   .          Harm     .    k - +0 cloak
rCorr   .          Rampage  .    (no gloves)
Will    .....                    (no boots)
Stlth   ..........               (no amulet)
HPRegen 0.20/turn                o - ring of protection from cold
MPRegen 0.11/turn                (no ring)

@: berserking, unable to hop, lightly drained, quick
A: amphibious, slowness 1, strong legs 1, +LOS
a: Hop


You were on level 3 of the Dungeon.
You visited 1 branch of the dungeon, and saw 3 of its levels.

You collected 69 gold pieces.

Inventory:

Hand Weapons
 h - a +0 spear (weapon)
Missiles
 j - 2 poisoned darts
Armour
 k - a +0 cloak (worn)
 r - a +0 robe (worn)
Jewellery
 o - a ring of protection from cold (left hand)
 p - a ring of ice
Scrolls
 i - a scroll of identify {unknown}
 l - a scroll of magic mapping {unknown}
 s - a scroll of fear {unknown}
 t - a scroll of amnesia {unknown}
Potions
 a - a potion of flight
 c - a potion of might
 f - 2 potions of resistance


   Skills:
 + Level 3.0 Fighting
 + Level 2.1 Polearms
 - Level 2.1 Dodging
 - Level 1.7 Stealth
 - Level 3.0 Spellcasting
 + Level 5.9 Summonings


You had one spell level left.
You knew the following spells:

 Your Spells              Type           Power      Damage    Failure   Level
a - Summon Small Mammal   Summ           88%        N/A       1%          1
b - Call Imp              Summ           22%        N/A       2%          2
c - Call Canine Familiar  Summ           22%        N/A       4%          3
d - Summon Guardian Gole  Hex/Summ       12%        N/A       16%         3

Your spell library contained the following spells:

 Spells                   Type           Power      Damage    Failure   Level
 Summon Lightning Spire   Summ/Air       12%        N/A       45%         4


Dungeon Overview and Level Annotations

Branches:
Dungeon (3/15)

Altars:
Okawaru


Innate Abilities, Weirdness & Mutations

You are amphibious.
You cover ground slowly.
You can hop short distances.
You have an extended range of vision and can be seen from far away.


Message History

You feel protected.
A necrophage comes into view.
Things that are here:
a +0 flail; a gnoll corpse It was a potion of flight.
You feel very buoyant.
You fly up into the air.
The hobgoblin hits you.
* * * LOW HITPOINT WARNING * * *
The gnoll closely misses you.
It was a potion of might.
You feel very mighty all of a sudden. The gnoll barely misses you.
The hobgoblin closely misses you.
It was a potion of attraction.
You feel attractive to monsters. The hobgoblin barely misses you.
The gnoll closely misses you. The necrophage is attracted toward you.
It was a potion of curing.
You feel better. The necrophage misses you.
The hobgoblin completely misses you. The gnoll closely misses you.
You cannot cast spells when silenced!
Okay, then.
Magic scrolls do not work when you're silenced!
It was a potion of cancellation.
Your magical effects are unravelling.
You feel magically purged.
You float gracefully downwards.
You feel a little less mighty now.
Your hearing returns.
Your resistance to elements expires.
The gnoll barely misses you. The necrophage hits you.
* * * LOW HITPOINT WARNING * * *
The hobgoblin barely misses you.
You feel less attractive to monsters.
You feel better. The necrophage completely misses you. The hobgoblin hits you.
The gnoll hits you from afar with a +0 halberd!
* * * LOW HITPOINT WARNING * * *
It was a potion of berserk rage.
A red film seems to cover your vision as you go berserk!
You feel yourself moving faster!
You feel mighty! The necrophage hits you.
* * * LOW HITPOINT WARNING * * *
You feel drained. The hobgoblin hits you.
* * * LOW HITPOINT WARNING * * *
The gnoll hits you from afar with a +0 halberd.
You die...

.........# #.# ........#
#.############ #.#....#
#...gS........ .....#
#.###########.
#.).#######S#.........#.
#......##..#.#######.#.
#...†..##..#.#.....<.#g
#....n.##..#.#.......#S
#.....@ggS.#.#########.
#......##..#.#.......#.
..........##..#.#.#####.#.
#########.##..#.#.#...#.#.
#.##..#.#.#.#.#.#
#.##..#.....#.#.#
#.##..###.#.#.#.# #.##..#
#.#.†.#.# #.##..#
#.###.#.#


You could see a necrophage, a gnoll, an adder and a hobgoblin.

Vanquished Creatures
  Jessica (D:2)
  2 bats (D:2)
  2 goblins
  2 hobgoblins
  A kobold (D:1)
  A ball python (D:2)
  A frilled lizard (D:2)
  2 rats
12 creatures vanquished.

Vanquished Creatures (collateral kills)
  Natasha (twice) (D:2)
  A gnoll (D:3)
  2 worms (D:2)
  2 endoplasms
  A giant cockroach (D:1)
  6 hobgoblins
  2 quokkas (D:2)
  4 ball pythons
  A bat (D:1)
  2 frilled lizards
  6 goblins
  3 kobolds
  A rat (D:2)
33 creatures vanquished.

Vanquished Creatures (others)
  An adder (D:3)
  A gnoll (D:3)
  A kobold (D:3)
  5 plants (D:2)
8 creatures vanquished.

Grand Total: 53 creatures vanquished

Notes
Turn   | Place    | Note
-------+----------+-------------------------------------------
     0 | D:1      | Zeldest the Barachi Summoner began the quest for the Orb.
     0 | D:1      | Reached XP level 1. HP: 13/13 MP: 3/3
   220 | D:1      | Found a faded altar of an unknown god.
   719 | D:1      | Reached skill level 1 in Fighting
   719 | D:1      | Reached skill level 5 in Summonings
   719 | D:1      | Reached XP level 2. HP: 19/21 MP: 1/5
   843 | D:1      | Learned a level 2 spell: Call Imp
  1486 | D:2      | Reached XP level 3. HP: 23/26 MP: 1/7
  1662 | D:2      | Learned a level 3 spell: Call Canine Familiar
  1777 | D:2      | Found an iron altar of Okawaru.
  1803 | D:2      | Noticed Jessica
  1809 | D:2      | Killed Jessica
  1810 | D:2      | Reached skill level 1 in Polearms
  1810 | D:2      | Reached XP level 4. HP: 33/33 MP: 1/8
  2173 | D:2      | You fall into a shaft and drop 1 floor!
  2187 | D:2      | Noticed Natasha
  2196 | D:2      | Killed Natasha
  2349 | D:2      | Noticed Natasha
  2361 | D:2      | Killed Natasha
  2362 | D:2      | Reached XP level 5. HP: 39/39 MP: 2/9
  2685 | D:3      | Learned a level 3 spell: Summon Guardian Golem
  2784 | D:3      | HP: 3/60 [hobgoblin (2)]
  2784 | D:3      | Slain by a gnoll

Illustrated notes

Levels and vault maps discovered:
D:1:      dpeg_arrival_long_road, layout_basic,
          shapermc_ecumenical_altar_notcrosses, hangedman_decor_growths
D:2:      layout_basic, basic_altar, serial_forest, infiniplex_forest_zigzag_1,
          infiniplex_forest_lined_2, infiniplex_forest_corner_1,
          infiniplex_forest_lined_1, infiniplex_forest_clump_large,
          infiniplex_forest_clump_C, infiniplex_forest_end_3,
          infiniplex_forest_straight_3, uniq_natasha, uniq_jessica
D:3:      layout_basic, lemuel_crystal_altar, doesnt_xom_only_xom,
          mainiacjoe_overflow_cross_hatched

Skill      XL: |  1  2  3  4  5 |
---------------+----------------+-----
Fighting       | 1 2 3 |  3.0
Summonings     | 5 |  5.9
Polearms       | 1 2 |  2.1
Spellcasting   | 3 |  3.0
Dodging        | |  2.1
Stealth        | |  1.7

Action                   |  1- 3 |  4- 6 || total
-------------------------+-------+-------++-------
Melee: Spear             |    48 |    11 ||    59
       Punch             |     1 |       ||     1
 Cast: Summon Small Mamm |    39 |     6 ||    45
       Call Imp          |     9 |     4 ||    13
       Call Canine Famil |     2 |     6 ||     8
       Summon Guardian G |       |     3 ||     3
 Abil: Hop               |       |     1 ||     1
  Use: Potion            |       |     9 ||     9
       Scroll            |       |     2 ||     2
 Stab: Sleeping          |     2 |       ||     2
Armor: Robe              |    12 |     2 ||    14
Dodge: Dodged            |    26 |    21 ||    47

Table legend: (Time is in decaauts)
 A = Elapsed time spent in this place.
 B = Non-inter-level travel time spent in this place.
 C = Inter-level travel time spent in this place.
 D = Time resting spent in this place.
 E = Time spent auto-exploring this place.
 F = Levels seen in this place.
 G = Mean time per level.
                   A        B        C        D        E       F      G
               +--------+--------+--------+--------+--------+-----+--------+
         Total |   3127 |   2991 |    136 |    738 |   1278 |   3 | 1042.3 |
       Dungeon |   3127 |   2991 |    136 |    738 |   1278 |   3 | 1042.3 |
               +--------+--------+--------+--------+--------+-----+--------+

Top non-repeatable levels by time:
     D:1: 1500 daAuts
     D:2: 1398 daAuts
     D:3: 228 daAuts
